 Dungeon Crawl Stone Soup version 0.25.1-9-gc5326a611f (webtiles) character file.

Game seed: 16914336944059651974

51 Goreval the Sneak (level 3, -1/21 HPs)
             Began as an Octopode Wizard on Jan 1, 2021.
             Killed from afar by Jessica (6 damage)
             ... with a puff of flame
             ... on level 2 of the Dungeon.
             The game lasted 00:03:07 (2103 turns).

Goreval the Sneak (Octopode Wizard)                 Turns: 2103, Time: 00:03:08

Health: -1/21      AC:  1    Str:  6    XL:     3   Next: 83%
Magic:  6/7        EV: 13    Int: 21    God:
Gold:   79         SH:  0    Dex: 10    Spells: 0/8 levels left

rFire    . . .     SeeInvis .   f - +1 dagger (flame)
rCold    . . .     Gourm    .   (no shield)
rNeg     . . .     Faith    .   a - +0 hat
rPois    .         Spirit   .   (no amulet)
rElec    .         Reflect  .   (no ring)
rCorr    .         Harm     .   (no ring)
MR       .....                  (no ring)
Stlth    +++.......             (no ring)
HPRegen  0.07/turn              (no ring)
MPRegen  0.10/turn              (no ring)
                                (no ring)
                                (no ring)

@: no status effects
A: almost no armour, stealthy swim, amphibious, 8 rings, constrict 8, camouflage
1, gelatinous body 1
a: no special abilities


You were on level 2 of the Dungeon.
You were not hungry.

You visited 1 branch of the dungeon, and saw 2 of its levels.

You collected 79 gold pieces.

Inventory:

Hand Weapons
 f - a +1 dagger of flaming (weapon)
Armour
 a - a +0 hat (worn)
 e - a +0 buckler
Scrolls
 b - 2 scrolls of blinking {unknown}
 g - 6 scrolls of enchant armour {unknown}
 i - a scroll of magic mapping {unknown}
Potions
 d - 2 potions of degeneration {unknown}
Comestibles
 c - 4 rations


   Skills:
 + Level 2.5 Dodging
 + Level 3.4 Stealth
 + Level 3.3 Spellcasting
 * Level 2.2 Conjurations
 - Level 1.0 Summonings
 - Level 1.0 Translocations


You couldn't memorise any spells.
You knew the following spells:

 Your Spells              Type           Power        Failure   Level  Hunger
a - Magic Dart            Conj           ##..         4%          1    None
b - Mephitic Cloud        Conj/Pois/Air  #.......     28%         3    ###....
n - Blink                 Tloc           N/A          13%         2    ##.....
z - Call Imp              Summ           #.......     13%         2    ##.....

Your spell library contained the following spells:

 Spells                   Type           Power        Failure   Level  Hunger
 Slow                     Hex            #.......     21%         2    ##.....
 Conjure Flame            Conj/Fire      #.......     24%         3    ###....


Dungeon Overview and Level Annotations

Branches:
Dungeon (2/15)

Altars:

Annotations:
D:2 1 runed translucent door, Crazy Yiuf, Jessica


Innate Abilities, Weirdness & Mutations

You cannot wear most types of armour.
You are very stealthy in the water. (Stealth+)
You are amphibious.
You can wear up to eight rings at the same time.
You can use your tentacles to constrict eight enemies at once.
Your skin changes colour to match your surroundings (Stealth+).
Your rubbery body absorbs attacks. (AC +1, EV +1)


Message History

Your shadow imp hits the hobgoblin.
The hobgoblin closely misses your shadow imp.
Your shadow imp disappears in a puff of smoke!
Aim: a hobgoblin, wielding a +0 club (black smoke, almost dead)
The magic dart hits the hobgoblin but does no damage.
The hobgoblin hits you with a +0 club.
* * * LOW HITPOINT WARNING * * *
Aim: a hobgoblin, wielding a +0 club (almost dead)
The magic dart hits the hobgoblin.
You kill the hobgoblin!
You see here a +0 club.
You start resting.
Jessica is too close now for your liking.
Jessica is nearby!
Jessica shouts!
You hit Jessica but do no damage. You grab Jessica.
You constrict Jessica, but do no damage.
Jessica zaps a wand.
The puff of flame hits you.
You die...

#........####.#.....#
########............#
######.#.....#
#########รท#.....######
#....)@...##.........#
#.#######.##.#######.# #.#
#.##.# #.#
####.#######@##.##### #.#
#..........@........###.###
#.##.........##.##...##...#
#.#########...#...........#
#.# #.....###...##...# #5#
##...## ##.####.## #g#
##.## ### #.# #.# #.# #.#
.## #.# #.# #.# ...###.#
##+## ##.##


You could see Jessica.

Vanquished Creatures
  3 dart slugs
  4 leopard geckos
  2 giant cockroaches (D:2)
  4 goblins
  6 hobgoblins
  A ball python (D:1)
  6 bats
  3 frilled lizards
  2 kobolds (D:2)
  4 rats
35 creatures vanquished.

Vanquished Creatures (collateral kills)
  An adder (D:2)
  A bat (D:2)
  A giant cockroach (D:2)
  A goblin (D:2)
4 creatures vanquished.

Grand Total: 39 creatures vanquished

Notes
Turn   | Place    | Note
-------+----------+-------------------------------------------
     0 | D:1      | Goreval the Octopode Wizard began the quest for the Orb.
     0 | D:1      | Reached XP level 1. HP: 11/11 MP: 4/4
   310 | D:1      | Reached XP level 2. HP: 17/17 MP: 4/6
   949 | D:1      | Reached XP level 3. HP: 12/21 MP: 7/7
   957 | D:1      | Learned a level 2 spell: Blink
   960 | D:1      | Learned a level 2 spell: Call Imp
   964 | D:1      | Learned a level 3 spell: Mephitic Cloud
  1488 | D:2      | Noticed Jessica
  1761 | D:2      | Found a runed translucent door.
  1762 | D:2      | Noticed Crazy Yiuf
  2103 | D:2      | Killed from afar by Jessica

Illustrated notes

Levels and vault maps discovered:
D:1:      dpeg_arrival_central, layout_basic, minmay_heptomino_o4
D:2:      layout_loops_corners, first_ration, minmay_tall_x, uniq_terence,
          uniq_jessica, uniq_crazy_yiuf_cottage

Skill      XL: |  1  2  3 |
---------------+----------+-----
Stealth        | 3 |  3.4
Conjurations   | 2 |  2.2
Dodging        | |  2.5
Spellcasting   | |  3.3
Summonings     | |  1.0
Translocations | |  1.0

Action                   || total
-------------------------++-------
Melee: Dagger            ||    70
       Constrict         ||    10
       Tentacles         ||     5
 Cast: Magic Dart        ||    11
       Call Imp          ||     1
 Stab: Sleeping          ||    13
  Eat: Chunk             ||     4
Armor: Skin              ||     4
Dodge: Dodged            ||    28
